 Dungeon Crawl Stone Soup version 0.19-a0-75-g99403da (webtiles) character file.

5346 Duffy the Cleaver (level 10, -4/77 HPs)
             Began as a Demonspawn Fighter on May 11, 2016.
             Was an Elder of Cheibriados.
             Killed from afar by an efreet (14 damage)
             ... with a fireball
             ... on level 9 of the Dungeon.
             The game lasted 00:09:54 (8483 turns).

Duffy the Cleaver (Demonspawn Fighter)              Turns: 8483, Time: 00:09:55

Health: -4/77      AC: 21    Str: 30    XL:     10   Next: 38%
Magic:  10/10      EV: 10    Int: 19    God:    Cheibriados [****..]
Gold:   391        SH: 16    Dex: 23    Spells: 0 memorised, 9 levels left

rFire  . . .     SeeInvis .     P - +0 broad axe
rCold  . . .     Gourm    .     K - +0 chain mail
rNeg   . . .     Faith    .     c - +1 shield
rPois  .         Spirit   .     q - +2 helmet
rElec  .         Dismiss  .     (no cloak)
rCorr  .         Reflect  .     (no gloves)
SustAt .         Harm     .     (no boots)
MR     +....                    (no amulet)
Stlth  ..........               D - ring of protection from magic
                                u - +5 ring of protection

@: very slow, somewhat resistant to hostile enchantments, extremely unstealthy
A: large bone plates 3, powered by pain 2
a: Bend Time, Temporal Distortion, Slouch, Renounce Religion


You were on level 9 of the Dungeon.
You worshipped Cheibriados.
Cheibriados was greatly pleased with you.
You were very hungry.

You visited 2 branches of the dungeon, and saw 10 of its levels.

You collected 391 gold pieces.


Innate Abilities, Weirdness & Mutations

You are completely covered in large bone plates (AC +4, SH +4).
You sometimes gain power by taking damage.


   Skills:
 + Level 6.4 Fighting
 - Level 12.0 Axes
 - Level 2.6 Armour
 - Level 4.8 Dodging
 - Level 2.6 Shields
 + Level 1.1 Invocations


You had 9 spell levels left.
You didn't know any spells.

Inventory:

Hand Weapons
 a - a +0 war axe
 b - a cursed -3 battleaxe
 y - a +2 war axe of chopping
 P - a +0 broad axe (weapon)
Missiles
 o - 5 curare-tipped needles
 t - 39 poisoned needles
 J - 2 steel tomahawks (quivered)
 L - 7 tomahawks
Armour
 c - a +1 shield (worn)
 q - a +2 helmet (worn)
 K - a +0 chain mail (worn)
Jewellery
 u - a +5 ring of protection (left hand)
 D - a ring of protection from magic (right hand)
 M - an uncursed ring of flight
Wands
 B - a wand of iceblast (0/15)
 G - a wand of slowing (35/48)
 I - a wand of enslavement (10/24)
 N - a wand of iceblast (11/15)
 T - a wand of iceblast (11/15)
Scrolls
 e - 2 scrolls of enchant armour
 g - 3 scrolls of blinking
 h - a scroll of teleportation
 l - a scroll of recharging {unknown}
 m - a scroll of amnesia {unknown}
 v - 2 scrolls of remove curse
 x - a scroll of fear {unknown}
 A - 2 scrolls of magic mapping
 S - a scroll of noise {unknown}
Potions
 d - a potion of might
 j - a potion of flight
 k - a potion of resistance {unknown}
 p - 3 potions of agility
 r - 4 potions of magic
 s - a potion of lignification
 w - a potion of brilliance {unknown}
 z - a potion of cure mutation {unknown}
 E - a potion of mutation {unknown}
 F - 3 potions of curing
 H - a potion of berserk rage {unknown}
Books
 Q - a book of the Sky
Comestibles
 f - 8 bread rations
 i - 10 slices of pizza
 n - 3 meat rations
 C - 6 fruits
 O - 2 beef jerkies

Dungeon Overview and Level Annotations

Branches:
Dungeon (9/15)             Temple (1/1) D:4
   Lair: D:8-11         Orc: D:9-12

Altars:
Ashenzari
Cheibriados
Dithmenos
Elyvilon
Fedhas
Gozag
Kikubaaqudgha
Makhleb
Nemelex Xobeh
Okawaru
Pakellas
Qazlal
Sif Muna
Trog
Vehumet
Xom
Yredelemnul
Zin
The Shining One

Shops:
D:4 [


Message History

The fireball explodes!
The fireball engulfs you!
You hear a shout! x3
The efreet hits you but does no damage.
You hit the efreet but do no damage. You block the efreet's attack.
You hit the efreet.
The efreet is lightly wounded.
You block the efreet's attack.
You hit the efreet but do no damage.
The efreet is lightly wounded.
The efreet hits you with a scimitar of flaming.
The efreet burns you.
You hit the efreet but do no damage.
The efreet is lightly wounded.
Your shield and chain mail prevent you from hitting the efreet.
The efreet is lightly wounded.
You block the efreet's attack.
An adder zombie comes into view.
You slash the efreet!
The efreet is moderately wounded.
The efreet hits you with a scimitar of flaming!
The efreet burns you.
You hit the efreet.
The efreet is moderately wounded.
You block the efreet's attack.
You slash the efreet!
The efreet is severely wounded.
The efreet gestures at you.
The fireball explodes!
The fireball engulfs you!
The fireball engulfs the efreet.
The efreet completely resists.
You hit the efreet but do no damage.
The efreet is severely wounded.
You block the efreet's attack.
You slash the efreet!
The efreet is almost dead.
The efreet gestures at you.
The fireball explodes!
The fireball engulfs you!
The fireball engulfs the adder zombie.
The adder zombie is destroyed!
The fireball engulfs the efreet.
The efreet appears unharmed.
You hear a shout!
You are too injured to fight recklessly!
You are too injured to fight recklessly!
You barely miss the efreet.
The efreet is almost dead.
You block the efreet's attack.
Your shield and chain mail prevent you from hitting the efreet.
The efreet is almost dead.
The efreet gestures at you.
The fireball explodes!
The fireball engulfs you!
You die...

...........)..............
..........................
.............####<........
.............# #.........
.............# #.........
.............# #.........
..#########..# #.........
..# #..####......... ..#
#.....@.....>... ..#
#.....R......... .#
#.........##### .
#.........# . ...........#
. ...........# #
##.........# #.........# #


You could see an efreet.

Action                   |  1- 3 |  4- 6 |  7- 9 | 10-12 || total
-------------------------+-------+-------+-------+-------++-------
Melee: War axe           |   133 |   170 |   255 |       ||   558
       Broad axe         |       |       |    75 |    63 ||   138
Evoke: Wand              |       |       |       |     3 ||     3
  Use: Scroll            |       |     4 |     5 |       ||     9
       Potion            |       |       |       |     1 ||     1
  Eat: Chunk             |     1 |     9 |     8 |       ||    18
Armor: Scale mail        |    56 |    93 |    75 |       ||   224
       Chain mail        |       |       |    59 |    24 ||    83
       Skin              |       |       |       |    31 ||    31
Dodge: Dodged            |    34 |    34 |    78 |    17 ||   163
Block: Shield            |    73 |   125 |   248 |    65 ||   511

Notes
Turn   | Place    | Note
--------------------------------------------------------------
     0 | D:1      | Duffy the Demonspawn Fighter began the quest for the Orb.
     0 | D:1      | Reached XP level 1. HP: 18/18 MP: 1/1
    62 | D:1      | Reached skill level 2 in Axes
    74 | D:1      | Gained mutation: You sometimes gain a little power by taking damage. [demonic ancestry]
    74 | D:1      | Reached XP level 2. HP: 13/24 MP: 2/2
   356 | D:1      | Reached skill level 3 in Axes
   392 | D:1      | Gained mutation: You are partially covered in large bone plates (AC +2, SH +2). [demonic ancestry]
   392 | D:1      | Reached XP level 3. HP: 29/29 MP: 3/3
   974 | D:2      | Noticed Robin
   997 | D:2      | Killed Robin
  1338 | D:2      | Reached XP level 4. HP: 31/35 MP: 4/4
  1377 | D:2      | Found a burning altar of Makhleb.
  1495 | D:2      | Reached skill level 4 in Axes
  2368 | D:3      | Gained mutation: You sometimes gain power by taking damage. [demonic ancestry]
  2368 | D:3      | Reached XP level 5. HP: 19/41 MP: 5/5
  2374 | D:3      | Reached skill level 5 in Axes
  3073 | D:4      | Found Vuhaw's Armour Boutique.
  3244 | D:4      | Noticed Duvessa
  3245 | D:4      | Noticed Dowan
  3256 | D:4      | Killed Duvessa
  3256 | D:4      | Reached skill level 6 in Axes
  3256 | D:4      | Reached XP level 6. HP: 38/47 MP: 6/6
  3256 | D:4      | Killed Dowan
  3371 | D:4      | Found a staircase to the Ecumenical Temple.
  3404 | Temple   | Entered the Ecumenical Temple
  3428 | Temple   | Became a worshipper of Cheibriados the Contemplative
  3929 | D:5      | Entered Level 5 of the Dungeon
  3985 | D:5      | Reached skill level 7 in Axes
  3985 | D:5      | Reached XP level 7. HP: 48/52 MP: 7/7
  4015 | D:5      | Found a radiant altar of Vehumet.
  4128 | D:5      | Reached skill level 8 in Axes
  4236 | D:5      | Reached * piety under Cheibriados
  4325 | D:5      | Gained mutation: You are mostly covered in large bone plates (AC +3, SH +3). [demonic ancestry]
  4325 | D:5      | Reached XP level 8. HP: 49/58 MP: 8/8
  4495 | D:5      | Reached skill level 9 in Axes
  4935 | D:6      | Found a shadowy altar of Dithmenos.
  4937 | D:6      | Found a glowing silver altar of Zin.
  4938 | D:6      | Found a shimmering altar of Xom.
  5185 | D:6      | Reached ** piety under Cheibriados
  5364 | D:6      | Noticed Tux's ghost (novice VSIE)
  5370 | D:6      | Reached skill level 10 in Axes
  5378 | D:6      | Killed Tux's ghost
  5990 | D:7      | Gained mutation: You are completely covered in large bone plates (AC +4, SH +4). [demonic ancestry]
  5990 | D:7      | Reached XP level 9. HP: 58/63 MP: 9/9
  6151 | D:7      | Found a blossoming altar of Fedhas.
  6202 | D:7      | Reached skill level 11 in Axes
  6614 | D:7      | Reached *** piety under Cheibriados
  6858 | D:8      | Found a basalt altar of Yredelemnul.
  7003 | D:8      | Reached skill level 12 in Axes
  7046 | D:8      | Reached skill level 1 in Dodging
  7555 | D:8      | Reached **** piety under Cheibriados
  7632 | D:9      | Reached skill level 2 in Dodging
  7667 | D:9      | Reached skill level 4 in Fighting
  7718 | D:9      | Reached skill level 3 in Dodging
  7796 | D:9      | Reached XP level 10. HP: 53/73 MP: 10/10
  7797 | D:9      | Reached skill level 5 in Fighting
  7807 | D:9      | Reached skill level 4 in Dodging
  8080 | D:9      | Reached skill level 6 in Fighting
  8390 | D:9      | Reached skill level 1 in Invocations
  8483 | D:9      | Killed from afar by an efreet

Skill      XL: |  1  2  3  4  5  6  7  8  9 10 |
---------------+-------------------------------+-----
Axes           | 2 3 4 6 7 8 10 12 | 12.0
Dodging        | 3 4 |  4.8
Fighting       | 4 6 |  6.4
Invocations    | 1 |  1.1
Armour         | |  2.6
Shields        | |  2.6

Vault maps used:
D:1:      dpeg_arrival_houses_and_road, grunt_decor_mini_mirrors
D:2:      lemuel_round_altar, serial_bayou_ford_a, uniq_robin
D:3:      lemuel_flame_loot_1
D:4:      temple_statues, serial_shops, nicolae_shop_waterfront, first_bread,
          minmay_strange_pillars, uniq_duvessa
D:5:      nicolae_overflow_crystal_walls
D:6:      grunt_temple_overflow_open
D:7:      fedhas_altar_1
D:8:      lemuel_zombie_altar_yredelemnul, minmay_misc_feat_secret_circle,
          grunt_pizzeria
D:9:      old_standard_altar, erik_lair_island
Temple:   circular_temple_12

Vanquished Creatures
  2 centaur skeletons
  2 trolls
  The ghost of Tux the Magician, a novice VSIE
  6 yaks
  A human
  A hungry ghost
  A hippogriff Duvessa
  A sky beast
  A black bear
  An ice beast
  2 ogres
  A phantom
  An eye of draining
  3 wolves
  5 centaurs
  4 giant frogs Dowan
  A scorpion
  4 wights
  An electric eel
  A centaur zombie
  3 crimson imps
  8 hounds
  A quasit
  2 giant frog zombies
  4 orc wizards
  4 orc priests
  3 iguanas
  6 worker ants Robin
  2 worker ant zombies
  12 adders
  2 shadow imps
  An ooze
  2 adder zombies
  A worm
  An adder skeleton
  2 dart slugs
  4 giant geckos
  21 orcs
  10 giant cockroaches
  2 gnoll zombies
  13 goblins
  13 hobgoblins
  17 jackals
  A quokka
  2 ball pythons
  6 bats
  A giant gecko zombie
  2 giant newts
  4 kobolds
  A quokka skeleton
  9 rats
203 creatures vanquished.
